 Dungeon Crawl Stone Soup version 0.32-a0-886-g41c5271027 (webtiles) character file.

Game seed: 17763882507695444373

3739 Chadd the Sneak (level 10, -2/76 HPs)
             Began as a Coglin Hunter on Apr 2, 2024.
             Was an Elder of Cheibriados.
             Killed by divine providence
             ... invoked by an orc priest
              (15 damage)
             ... on level 8 of the Dungeon on Apr 3, 2024.
             The game lasted 00:24:23 (7608 turns).

Chadd the Sneak (Coglin Hunter)                     Turns: 7608, Time: 00:24:23

Health: -2/76      AC:  6    Str: 25    XL:     10   Next: 15%
Magic:  10/10      EV: 16    Int: 18    God:    Cheibriados [****..]
Gold:   489        SH:  0    Dex: 29    Spells: 9/9 levels left

rFire   . . .        a - +2 sling {Hans}
rCold   . . .        d - +0 sling {Nhalahla}
rNeg    . . .        p - +2 leather armour of the Hurricane {Will+}
rPois   .            (no helmet)
rElec   .            (no cloak)
rCorr   .            (no gloves)
SInv    .            s - +0 pair of boots
Will    +....        (amulet unavailable)
Stlth   ++++         (ring unavailable)
HPRegen 0.32/turn    (ring unavailable)
MPRegen 0.12/turn    (no gizmo)

%: no passive effects
@: very slow
A: off-hand wielding, slow wielding, warmup strikes, no jewellery
a: Invent Gizmo, Renounce Religion, Bend Time, Temporal Distortion, Slouch


You were on level 8 of the Dungeon.
You worshipped Cheibriados.
Cheibriados was greatly pleased with you.
You visited 2 branches of the dungeon, and saw 9 of its levels.
You also visited: Sewer.

You collected 489 gold pieces.

Inventory:

Hand Weapons
 a - a +2 sling (weapon) {Hans}
 d - a +0 sling (offhand) {Nhalahla}
Missiles
 k - 4 curare-tipped darts
 z - 9 boomerangs
 A - 5 poisoned darts
Armour
 c - a +0 leather armour
 p - the +2 leather armour of the Hurricane (worn) {Will+}
   (You found it on level 3 of the Dungeon)

   Will+:     It increases your willpower.
 s - a +0 pair of boots (worn)
 D - +0 steam dragon scales
Wands
 b - a wand of roots (5)
Scrolls
 f - 2 scrolls of poison {unknown}
 g - 4 scrolls of amnesia {unknown}
 j - 8 scrolls of teleportation {unknown}
 m - 9 scrolls of identify {unknown}
 n - 2 scrolls of fear {unknown}
 q - a scroll of vulnerability {unknown}
 r - 2 scrolls of immolation {unknown}
 x - 3 scrolls of brand weapon {unknown}
 y - 3 scrolls of fog {unknown}
 B - a scroll of revelation {unknown}
Potions
 e - a potion of lignification {unknown}
 h - 3 potions of might {unknown}
 i - 3 potions of enlightenment {unknown}
 l - a potion of berserk rage {unknown}
 o - 3 potions of heal wounds {unknown}
 t - a potion of ambrosia {unknown}
 u - a potion of cancellation {unknown}
 v - a potion of magic {unknown}
 w - a potion of attraction {unknown}
 C - a potion of degeneration {unknown}
 E - a potion of brilliance {unknown}


   Skills:
 + Level 5.9 Fighting
 + Level 6.3 Ranged Weapons
 + Level 3.2 Throwing
 + Level 4.8 Armour
 + Level 5.2 Dodging
 * Level 7.0 Stealth
 + Level 2.8 Evocations


You had 9 spell levels left.
You didn't know any spells.
Your spell library contained the following spells:

 Spells                   Type           Power      Damage    Failure   Level
 Kiss of Death            Conj/Necr      0%         2d5       24%         1
 Magic Dart               Conj           0%         1d3       24%         1
 Sting                    Conj/Alch      0%         1d3       24%         1
 Summon Small Mammal      Summ           0%         N/A       24%         1
 Blink                    Tloc           0%         N/A       36%         2
 Call Imp                 Summ           0%         N/A       36%         2
 Mercury Vapours          Alch/Air       0%         N/A       36%         2
 Sublimation of Blood     Necr           0%         N/A       36%         2
 Call Canine Familiar     Summ           0%         N/A       58%         3
 Confusing Touch          Hex            0%         N/A       58%         3
 Frozen Ramparts          Ice            0%         1d1       58%         3
 Fugue of the Fallen      Necr           0%         N/A       58%         3
 Inner Flame              Hex/Fire       0%         N/A       58%         3
 Ozocubu's Armour         Ice            0%         N/A       58%         3
 Summon Ice Beast         Ice/Summ       0%         N/A       58%         3
 Dispel Undead            Necr           0%         3d6       94%         4
 Olgreb's Toxic Radiance  Alch           0%         N/A       94%         4
 Petrify                  Alch/Erth      0%         N/A       94%         4
 Summon Blazeheart Golem  Fire/Summ      0%         N/A       94%         4
 Irradiate                Conj/Alch      0%         3d11      100%        5
 Metabolic Englaciation   Hex/Ice        0%         N/A       100%        5
 Summon Mana Viper        Hex/Summ       0%         N/A       100%        5
 Manifold Assault         Tloc           0%         N/A       100%        7
 Monstrous Menagerie      Summ           0%         N/A       100%        7
 Ignition                 Fire           0%         3d3       100%        8


Dungeon Overview and Level Annotations

Branches:
Dungeon (8/15)             Temple (1/1) D:4           Sewer (visited)
   Lair: D:8-11

Altars:
Ashenzari
Cheibriados
Dithmenos
Elyvilon
Fedhas
Gozag
Hepliaklqana
Kikubaaqudgha
Nemelex Xobeh
Okawaru
Qazlal
Ru
Sif Muna
Trog
Uskayaw
Vehumet
Wu Jian
Xom
Yredelemnul
Zin
The Shining One

Shops:
D:5 =


Innate Abilities, Weirdness & Mutations

You can wield a second weapon in your off-hand.
It takes a long time for you to wield or remove held weapons.
Your first few attacks do less damage.
You cannot equip rings or amulets.


Message History

The sling bullet hits the yak.
The yak is severely wounded.
You hear a bellow! x2; You hear a shout!
The yak gores you but does no damage.
A yak comes into view. x2
The yak gores you.
You shoot a sling bullet. The yak bellows!
The sling bullet hits the yak!
The yak is almost dead.
You shoot a sling bullet.
The sling bullet hits the yak but does no damage.
The yak is almost dead.
A yak comes into view.
The yak gores you!
An orc priest comes into view. It is wielding a +0 mace.
An orc warrior comes into view.
It is wielding a +0 war axe and wearing a +1 chain mail of cold resistance.
The yak attacks as it pursues you! The yak barely misses you.
The yak misses you. The yak completely misses you. The yak gores you!
The yak completely misses you. The yak attacks as it pursues you!
The yak barely misses you.
The orc priest calls down the wrath of Beogh upon you.
Beogh smites you!
You hear a bellow!
The yak gores you but does no damage.
The orc priest calls down the wrath of Beogh upon you.
Beogh smites you! The yak gores you. The yak closely misses you.
The yak barely misses you. The yak closely misses you.
The orc priest looks satisfied for a moment.
The yak attacks as it pursues you! The yak gores you!
* * * LOW HITPOINT WARNING * * *
The yak misses you.
There is an escape hatch in the ceiling, spattered with blood here.
The yak gores you but does no damage.
The orc priest invokes the aid of Beogh against you.
Beogh smites you!
You die...
Cheibriados appreciates the motionlessness of death.

..# ..Y. ...#.....###.####.... .
##........##..#...Y...
..#................Y....
...........# #.....Y....
...........###.##.......
#.............#.......#.... #
##.........Y...#o.#...##....
#.##...#......@YYY...#....#....
.....##......Y..#..#.........
.............####...........
#......)..### #............
##.........## #....##......
#####...).......#####...........
#..#...#..####......)...........
#...##..)##.....))............
...#..<##....#.....).............


You could see 5 yaks and an orc priest.

Vanquished Creatures
  2 yaks (D:7)
  A steam dragon (D:7)
  A water moccasin (D:7)
  3 ice beasts
  An ogre (D:5)
  A sky beast (D:7)
  4 kobold brigands (Sewer)
  2 bullfrogs (D:7)
  7 scorpions
  10 wights
  6 killer bees (D:7)
  4 howler monkeys
  A bombardier beetle (D:6)
  5 hounds
  3 jellies
  A sleepcap (D:5)
  A gnoll bouda (D:8)
  5 orc priests
  4 iguanas
  8 orc wizards
  4 gnolls (D:8)
  5 adders
  2 white imps
  2 ufetubi (D:3)
  4 ribbon worms
  3 dart slugs
  28 orcs
  3 bats
  7 endoplasms
  2 giant cockroaches
  2 goblins
  7 hobgoblins
  9 jackals
  3 quokkas
  9 ball pythons
  5 frilled lizards
  17 kobolds
  5 rats
187 creatures vanquished.

Notes
Turn   | Place    | Note
-------+----------+-------------------------------------------
     0 | D:1      | Chadd the Coglin Hunter began the quest for the Orb.
     0 | D:1      | Reached XP level 1. HP: 16/16 MP: 1/1
    96 | D:1      | Reached skill level 1 in Stealth
   145 | D:1      | Reached XP level 2. HP: 22/22 MP: 2/2
   356 | D:1      | Reached XP level 3. HP: 28/28 MP: 3/3
  1005 | D:3      | Identified the +2 leather armour of the Hurricane {Will+}
  1147 | D:3      | Reached XP level 4. HP: 25/34 MP: 4/4
  1152 | D:3      | Reached skill level 1 in Armour
  1299 | D:3      | Identified the +8 rapier of Dullness {heavy, rElec rF++ rC+
                  | Int-3}
  1632 | D:3      | Reached XP level 5. HP: 39/39 MP: 5/5
  1665 | D:3      | Reached skill level 2 in Stealth
  2271 | D:4      | Reached XP level 6. HP: 47/47 MP: 6/6
  2338 | D:4      | Found a staircase to the Ecumenical Temple.
  2345 | Temple   | Entered the Ecumenical Temple
  2388 | Temple   | Became a worshipper of Cheibriados the Contemplative
  2690 | D:5      | Entered Level 5 of the Dungeon
  2814 | D:4      | Reached skill level 3 in Stealth
  3052 | D:5      | Reached XP level 7. HP: 43/52 MP: 7/7
  3147 | D:5      | Found Kutonat's Jewellery Shoppe.
  3203 | D:5      | Reached * piety under Cheibriados
  3716 | D:5      | Reached skill level 4 in Stealth
  4094 | D:6      | Reached XP level 8. HP: 60/60 MP: 8/8
  4175 | D:6      | Reached skill level 5 in Ranged Weapons
  4189 | D:6      | Found a glowing drain.
  4207 | Sewer    | Entered a sewer
  4447 | Sewer    | Reached ** piety under Cheibriados
  4761 | D:6      | Reached skill level 5 in Stealth
  5015 | D:6      | Reached skill level 1 in Throwing
  5278 | D:6      | Reached XP level 9. HP: 67/67 MP: 9/9
  5961 | D:7      | Reached skill level 5 in Fighting
  6003 | D:7      | Reached *** piety under Cheibriados
  6155 | D:7      | Reached skill level 6 in Stealth
  6678 | D:7      | Reached skill level 1 in Evocations
  6991 | D:7      | Reached skill level 5 in Dodging
  7055 | D:7      | Reached **** piety under Cheibriados
  7280 | D:7      | Reached XP level 10. HP: 13/76 MP: 10/10
  7561 | D:8      | Reached skill level 7 in Stealth
  7608 | D:8      | Killed from afar by an orc priest

Illustrated notes

Levels and vault maps discovered:
D:1:      dpeg_chamrin_arrival_tetris, layout_basic
D:2:      layout_rooms, minmay_liquid_box, minmay_misc_feat_more_columns
D:3:      layout_loops_ring
D:4:      layout_cave_pools, temple_green
D:5:      layout_basic, serial_shops, nicolae_shop_window_shopping,
          kennysheep_generic_room_5
D:6:      layout_basic, mainiacjoe_sewer_entry_somewhere_in_here_1,
          serial_aquarium, aquarium_bridge_square [aquarium_subvault_bridge,
          aquarium_subvault_window, aquarium_subvault_window,
          aquarium_subvault_window], aquarium_bridge_square
          [aquarium_subvault_wall, aquarium_subvault_bridge,
          aquarium_subvault_bridge, aquarium_subvault_bridge],
          aquarium_window_2, aquarium_window_corner, aquarium_window_2,
          aquarium_window_2, aquarium_view_2e, aquarium_view_2b,
          aquarium_balcony_5b
D:7:      layout_loops_ring
D:8:      layout_cave_pools, makhleb_grotto_becter, david_lair_shrubbed,
          nicolae_specific_store, chequers_serial_rivers_room_b, uniq_maurice
Temple:   compressed_dpeg_triangle_lava_temple

Skill      XL: |  1  2  3  4  5  6  7  8  9 10 |
---------------+-------------------------------+-----
Stealth        | 1 2 3 4 5 6 7 |  7.0
Dodging        | 2 3 4 5 |  5.2
Ranged Weapons | 4 5 6 |  6.3
Armour         | 1 2 3 4 |  4.8
Fighting       | 3 4 5 |  5.9
Throwing       | 1 3 |  3.2
Evocations     | 2 |  2.8

Action                     |  1- 3 |  4- 6 |  7- 9 | 10-12 || total
---------------------------+-------+-------+-------+-------++-------
   Fire: Sling             |   220 |   332 |   632 |    98 ||  1282
  Throw: Dart              |       |       |     1 |       ||     1
  Evoke: Wand              |       |       |     5 |       ||     5
    Use: Potion            |       |     2 |     2 |       ||     4
         Scroll            |       |     1 |       |       ||     1
 Armour: Leather armour    |    20 |    56 |   124 |    12 ||   212
  Dodge: Dodged            |    13 |    72 |   139 |    15 ||   239

Table legend: (Time is in decaauts)
 A = Elapsed time spent in this place.
 B = Non-inter-level travel time spent in this place.
 C = Inter-level travel time spent in this place.
 D = Time resting spent in this place.
 E = Time spent auto-exploring this place.
 F = Levels seen in this place.
 G = Mean time per level.
                   A        B        C        D        E       F      G
               +--------+--------+--------+--------+--------+-----+--------+
         Total |   9220 |   8338 |    882 |   1744 |   4778 |  10 |  922.0 |
       Dungeon |   8418 |   7646 |    772 |   1596 |   4758 |   8 | 1052.2 |
        Temple |    118 |      9 |    109 |      0 |      0 |   1 |  118.0 |
         Sewer |    683 |    683 |      0 |    148 |     20 |   1 |  683.0 |
               +--------+--------+--------+--------+--------+-----+--------+

Top non-repeatable levels by time:
     D:6: 1975 daAuts
     D:7: 1909 daAuts
     D:5: 1147 daAuts
     D:4: 1070 daAuts
     D:3: 1030 daAuts
   Sewer: 683 daAuts
     D:1: 623 daAuts
     D:2: 461 daAuts
     D:8: 199 daAuts
  Temple: 118 daAuts
